 Dungeon Crawl Stone Soup version 0.22-a0-266-g5fdf0d7 (webtiles) character file.

1372 b5mith the Slasher (level 8, -18/71 HPs)
             Began as a Minotaur Berserker on Mar 8, 2018.
             Was an Elder of Trog.
             Engulfed by a cloud of freezing vapour (27 damage)
             ... on level 5 of the Dungeon.
             The game lasted 00:10:25 (4431 turns).

b5mith the Slasher (Minotaur Berserker)             Turns: 4431, Time: 00:10:26

Health: -18/71     AC:  6    Str: 26    XL:     8   Next: 38%
Magic:  7/7        EV: 11    Int:  4    God:    Trog [****..]
Gold:   333        SH: 12    Dex: 11    Spells: 7/7 levels left

rFire    . . .     SeeInvis .   g - +0 long sword
rCold    . . .     Gourm    .   p - +2 shield
rNeg     . . .     Faith    .   k - +0 ring mail
rPois    .         Spirit   .   (helmet restricted)
rElec    .         Reflect  .   (no cloak)
rCorr    .         Harm     .   (no gloves)
MR       .....                  (no boots)
Stlth    +.........             (no amulet)
HPRegen  0.21/turn              y - +3 ring of strength
MPRegen  0.10/turn              (no ring)

@: no status effects
A: retaliatory headbutt, horns 2
a: Berserk, Trog's Hand, Brothers in Arms, Renounce Religion


You were on level 5 of the Dungeon.
You worshipped Trog.
Trog was greatly pleased with you.
You were not hungry.

You visited 1 branch of the dungeon, and saw 5 of its levels.

You collected 333 gold pieces.

Inventory:

Hand Weapons
 a - a +0 falchion
 g - a +0 long sword (weapon)
Missiles
 o - 7 javelins (quivered)
 A - 5 tomahawks
Armour
 b - a +0 animal skin
 k - a +0 ring mail (worn)
 p - a +2 shield (worn)
Jewellery
 n - an uncursed ring of fire
 r - an uncursed ring of flight
 y - a +3 ring of strength (left hand)
Scrolls
 d - a scroll of fog {unknown}
 h - 4 scrolls of identify {@r1}
 i - a scroll of blinking {unknown}
 l - 2 scrolls of remove curse {@r2}
 t - 3 scrolls of teleportation
 v - a scroll of amnesia {unknown}
 w - 2 scrolls of noise {unknown}
Potions
 e - a potion of degeneration {unknown}
 f - 2 potions of flight
 j - 2 potions of cancellation
 m - 2 potions of berserk rage
 q - a potion of lignification {unknown}
 s - a potion of mutation {unknown}
 u - a potion of heal wounds {unknown}
 x - a potion of brilliance {unknown}
 B - a potion of curing {unknown}
 C - a potion of might {unknown}
Comestibles
 c - 10 rations
 z - 4 chunks of flesh


   Skills:
 + Level 6.7 Fighting
 + Level 6.7 Long Blades
 + Level 6.2 Armour
 + Level 5.5 Dodging
 + Level 4.5 Shields


You had 7 spell levels left.
You didn't know any spells.

Dungeon Overview and Level Annotations

Branches:
Dungeon (5/15)             Temple (0/1) D:4

Altars:
Cheibriados
Elyvilon
Fedhas
Trog
Uskayaw
Yredelemnul
The Shining One
Beogh

Shops:
D:5 !


Innate Abilities, Weirdness & Mutations

You reflexively headbutt those who attack you in melee.
You have a pair of horns on your head.


Message History

You found a shaft!
You now have 333 gold pieces (gained 16).
c - 10 rations (gained 1)
Things that are here:
a ring of loudness; an uncursed ring of loudness; a giant spiked club Done exploring.
There is an escape hatch in the ceiling here.
Things that are here:
a ring of loudness; an uncursed ring of loudness; a giant spiked club
There is an escape hatch in the floor here.
Really walk into a travel-excluded area?
There is an open door here.
You are engulfed in freezing vapours.
You are engulfed in freezing vapours.
You are engulfed in freezing vapours.
* * * LOW HITPOINT WARNING * * *
You are engulfed in freezing vapours.
* * * LOW HITPOINT WARNING * * *
You are engulfed in freezing vapours.
You die...

#.##.#.# ##.#.# .....#(#
#####.#.# .....#.# #.......# ##
.....#.###.##.##################.
#..#..>..........................
#..#.#.#.#.##.#####.#######.##...
#.......<.....#####..### #.##...
###################8'8## #......
##..§§§§§§§§§§§@§§§..## #.###..
##.#################### #.# ##.
##......§§§§§§§§§$$$$## #.# #.
####################### #.# #.
##########################.## #.
#....# #. #....# ## #....#
#..>.####


There were no monsters in sight!

Vanquished Creatures
  The ghost of BigBall the Slasher, an amateur VSFi (D:4)
  5 ogres
  A bullfrog (D:5)
  2 scorpions
  A crimson imp (D:5)
  A jelly (D:5)
  A quasit (D:5)
  A hound (D:4)
  4 orc wizards
  A centaur skeleton (D:4)
  2 orc priests
  An iguana (D:4)
  2 worker ants
  A hound skeleton (D:4)
  3 gnolls (D:2)
  9 adders
  A shadow imp (D:5)
  5 worms
  4 dart slugs
  3 leopard geckos
  12 orcs
  11 bats
  2 giant cockroaches (D:2)
  8 goblins
  4 hobgoblins
  4 jackals (D:2)
  A quokka (D:4)
  2 ball pythons
  5 frilled lizards
  8 kobolds
  A quokka zombie (D:5)
  5 rats
112 creatures vanquished.

Notes
Turn   | Place    | Note
-------+----------+-------------------------------------------
     0 | D:1      | b5mith the Minotaur Berserker began the quest for the Orb.
     0 | D:1      | Reached XP level 1. HP: 19/19 MP: 0/0
   132 | D:1      | Reached XP level 2. HP: 17/27 MP: 1/1
   909 | D:2      | Reached XP level 3. HP: 24/33 MP: 2/2
  1010 | D:2      | Reached ** piety under Trog
  1160 | D:2      | Reached XP level 4. HP: 36/40 MP: 3/3
  1717 | D:2      | Reached XP level 5. HP: 43/47 MP: 4/4
  1871 | D:2      | Found a hide-covered altar of Uskayaw.
  2166 | D:3      | Found a blossoming altar of Fedhas.
  2203 | D:3      | Reached skill level 5 in Long Blades
  2203 | D:3      | Reached skill level 1 in Shields
  2272 | D:3      | Reached skill level 5 in Fighting
  2272 | D:3      | Reached XP level 6. HP: 18/56 MP: 5/5
  2292 | D:3      | Reached *** piety under Trog
  2531 | D:3      | Found a snail-covered altar of Cheibriados.
  2681 | D:3      | Found a glowing golden altar of the Shining One.
  2944 | D:3      | Found a basalt altar of Yredelemnul.
  3011 | D:4      | Found a white marble altar of Elyvilon.
  3012 | D:4      | Noticed BigBall's ghost (amateur VSFi)
  3022 | D:4      | Killed BigBall's ghost
  3055 | D:4      | Reached XP level 7. HP: 55/61 MP: 6/6
  3135 | D:4      | Found a staircase to the Ecumenical Temple.
  3202 | D:4      | Reached skill level 5 in Armour
  3388 | D:4      | Found a roughly hewn altar of Beogh.
  3753 | D:5      | Entered Level 5 of the Dungeon
  3763 | D:5      | Found Seushrin's Distillery.
  3795 | D:5      | Reached skill level 5 in Dodging
  3865 | D:5      | Reached XP level 8. HP: 67/70 MP: 7/7
  4021 | D:5      | Reached **** piety under Trog
  4292 | D:5      | Found a bloodstained altar of Trog.
  4431 | D:5      | Engulfed by a cloud of freezing vapour

Vault maps used:
D:1:      lemuel_arrival_muddy
D:2:      marbit_many_paths, first_ration
D:3:      lemuel_coloured_pillars_altar, old_standard_altar, fedhas_altar_3,
          serial_bayou_pond_d, nicolae_tso_carved_into_rock
D:4:      nicolae_overflow_crystal_walls, minmay_temple_entry_glassed_door,
          corexii_leaking_fountain, kennysheep_orc_chapel
D:5:      lemuel_ice_spiral_2, lemuel_round_altar, serial_shops, shop

Skill      XL: |  1  2  3  4  5  6  7  8 |
---------------+-------------------------+-----
Long Blades    | 4 5 6 |  6.7
Fighting       | 4 5 6 |  6.7
Armour         | 3 4 5 6 |  6.2
Dodging        | 3 4 5 |  5.5
Shields        | 1 2 3 4 |  4.5

Action                   |  1- 3 |  4- 6 |  7- 9 || total
-------------------------+-------+-------+-------++-------
Melee: Falchion          |    40 |       |       ||    40
       Headbutt          |     4 |    18 |    25 ||    47
       Long sword        |    27 |   107 |   100 ||   234
Invok: Berserk           |       |     2 |     1 ||     3
  Use: Scroll            |       |       |     6 ||     6
 Stab: Sleeping          |     1 |       |       ||     1
  Eat: Chunk             |     1 |     8 |     5 ||    14
Armor: Animal skin       |     8 |       |       ||     8
       Ring mail         |    13 |    36 |    19 ||    68
Dodge: Dodged            |    52 |    57 |    20 ||   129
Block: Shield            |       |    50 |    52 ||   102
       Rpst.: Falchion   |     9 |       |       ||     9
       Long sword        |     4 |     9 |     5 ||    18

Table legend:
 A = Spawn XP
 B = Non-spawn XP
 C = Spawn XP percentage of total XP
 D = Spawn monster count
 E = Non-spawn monster count
 F = Spawn count percentage of total count
 G = Total turns spent on level
                    A         B        C        D         E        F      G
               +---------+---------+-------+---------+---------+-------+---------
         Total |       0 |    1961 |   0.0 |       0 |     112 |   0.0 |  4431
               +---------+---------+-------+---------+---------+-------+---------
           D:1 |       0 |      36 |   0.0 |       0 |      21 |   0.0 |   894
           D:2 |       0 |     171 |   0.0 |       0 |      32 |   0.0 |  1142
           D:3 |       0 |     193 |   0.0 |       0 |      23 |   0.0 |   931
           D:4 |       0 |     851 |   0.0 |       0 |      20 |   0.0 |   786
           D:5 |       0 |     710 |   0.0 |       0 |      16 |   0.0 |   678
               +---------+---------+-------+---------+---------+-------+---------
